 Dungeon Crawl Stone Soup version 0.21-a0-184-g9126a74 (webtiles) character file.

3757 Helio the Covert (level 9, 0/44 HPs)
             Began as a Spriggan Enchanter on Aug 11, 2017.
             Was a Follower of Dithmenos.
             Killed from afar by an electric eel (6 damage)
             ... with a bolt of electricity
             ... on level 9 of the Dungeon.
             The game lasted 00:25:24 (10981 turns).

Helio the Covert (Spriggan Enchanter)              Turns: 10981, Time: 00:25:25

Health: 0/44       AC:  9    Str:  6    XL:     9   Next: 94%
Magic:  7/21       EV: 22    Int: 18    God:    Dithmenos [*.....]
Gold:   473        SH:  0    Dex: 16    Spells: 10/22 levels left

rFire    . . .     SeeInvis +   A - +0 dagger (venom)
rCold    . . .     Gourm    .   (shield restricted)
rNeg     . . .     Faith    .   b - +1 robe
rPois    .         Spirit   .   (helmet restricted)
rElec    .         Reflect  .   (no cloak)
rCorr    .         Harm     .   (gloves unavailable)
MR       ++...                  (boots unavailable)
Stlth    +++++++...             m - amulet of magic regeneration
HPRegen  0.14/turn              c - ring of protection from magic
MPRegen  0.42/turn              x - +6 ring of protection

@: wreathed by umbra, very quick
A: unfitting armour, see invisible, herbivore 3, speed 3, slow metabolism 2
a: Renounce Religion


You were on level 9 of the Dungeon.
You worshipped Dithmenos.
Dithmenos was aware of your devotion.
You were not hungry.

You visited 2 branches of the dungeon, and saw 10 of its levels.

You collected 473 gold pieces.

Inventory:

Hand Weapons
 a - a +1 dagger
 r - a +1 rapier of draining
 A - a +0 dagger of venom (weapon)
Missiles
 k - 5 throwing nets (quivered)
Armour
 b - a +1 robe (worn)
Jewellery
 c - a ring of protection from magic (left hand)
 m - an amulet of magic regeneration (around neck)
 u - an uncursed ring of fire
 x - a +6 ring of protection (right hand)
Wands
 y - a wand of confusion (23/48)
Scrolls
 f - 4 scrolls of teleportation
 g - 5 scrolls of remove curse
 h - 2 scrolls of enchant armour
 l - a scroll of blinking
 n - 2 scrolls of amnesia
Potions
 e - 2 potions of agility
 i - a potion of resistance
 j - a potion of haste
 o - a potion of invisibility
 p - 4 potions of might
 q - 2 potions of brilliance
 s - a potion of ambrosia {unknown}
 t - a potion of lignification {unknown}
 z - 2 potions of curing
Books
 v - a book of Spatial Translocations

   Spells                             Type                      Level
   a - Blink                          Translocation                2
   b - Shroud of Golubria             Charms/Translocation         2
   c - Lesser Beckoning               Translocation                3
   d - Gell's Gravitas                Translocation                3
   e - Teleport Other                 Translocation                3
   f - Passage of Golubria            Translocation                4
 w - a book of Conjurations

   Spells                             Type                      Level
   a - Magic Dart                     Conjuration                  1
   b - Searing Ray                    Conjuration                  2
   c - Dazzling Spray                 Conjuration/Hexes            3
   d - Fulminant Prism                Conjuration/Hexes            4
   e - Force Lance                    Conjuration/Translocation    4
   f - Iskenderun's Mystic Blast      Conjuration                  4
Comestibles
 d - 5 bread rations
 B - 11 royal jellies


   Skills:
 + Level 3.3 Fighting
 + Level 4.8 Short Blades
 + Level 6.8 Dodging
 + Level 14.0 Stealth
 + Level 7.4 Spellcasting
 + Level 7.7 Hexes


You had 10 spell levels left.
You knew the following spells:

 Your Spells              Type           Power        Failure   Level  Hunger
a - Ensorcelled Hibernat  Hex/Ice        ###...       3%          2    None
b - Corona                Hex            ####...      1%          1    None
c - Confuse               Hex            ####....     1%          3    #......
d - Tukima's Dance        Hex            ####....     1%          3    #......
e - Dazzling Spray        Conj/Hex       ###...       6%          3    #......


Dungeon Overview and Level Annotations

Branches:
Dungeon (9/15)             Temple (1/1) D:5            Lair (0/6) D:9
    Orc: D:9-12

Altars:
Ashenzari
Cheibriados
Dithmenos
Elyvilon
Fedhas
Gozag
Hepliaklqana
Kikubaaqudgha
Makhleb
Nemelex Xobeh
Okawaru
Qazlal
Ru
Sif Muna
Trog
Uskayaw
Vehumet
Wu Jian
Xom
Yredelemnul
Zin
The Shining One

Shops:
D:6 [

Annotations:
D:9 exclusion: orange crystal statue


Innate Abilities, Weirdness & Mutations

You are very small and have problems with some larger weapons.
You are too small for most types of armour.
You have supernaturally acute eyesight. (SInv)
You are a herbivore.
You cover ground extremely quickly.
You need consume almost no food.


Message History

Confirm with . or Enter, or press ? or * to list all spells.
Aiming: Confuse
Press: ? - help, Shift-Dir - straight line, f/p - centaur
Aim: a centaur, wielding a shortbow (chance to defeat MR: 62%)
The centaur appears confused.
The troll shouts!
The electric eel shoots out a bolt of lightning at you!
The bolt of electricity hits the electric eel.
The electric eel completely resists.
The bolt of electricity hits you!
* * * LOW HITPOINT WARNING * * *
The centaur falls into the water!
The centaur drowns.
Dithmenos accepts your kill.
You hear a splash. x2
The electric eel shoots out a bolt of lightning at you!
The bolt of electricity hits you!
* * * LOW HITPOINT WARNING * * *
The electric eel shoots out a bolt of lightning at you!
The bolt of electricity hits you!
You die...

...#.# #........#
##.#†# #........#
#.#.# #........#
#.#.# #........#
....# #........#
#.### #
#....(...# ... ..
#####'####
.?.######.### #
.........@..#####
#
.....≈...........
#
...≈.≈.(..≈..####
#
≈.≈.≈≈....≈......
#
≈≈≈≈≈.≈≈≈≈...####
# ≈≈≈≈;≈≈≈h....#
# .≈≈≈≈≈≈≈≈....#
# ≈≈.≈.Th;≈≈≈..#
# ≈;≈....≈≈≈...#


You could see a troll, a wolf, a hound and 2 electric eels.

Vanquished Creatures
  A hippogriff (D:8)
  Menkaure (D:6)
  A sky beast (D:7)
  4 ogres
  4 phantoms
  4 black bears
  3 ice beasts
  2 wolves (D:9)
  The ghost of bootzin the Insei, an amateur MfMo (D:3)
  3 centaurs
  2 big kobolds
  4 bullfrogs
  A scorpion (D:6)
  A wight (D:6)
  A howler monkey (D:5)
  7 hounds
  4 crimson imps
  4 jellies
  An orc priest (D:5)
  2 orc wizards
  A centaur skeleton (D:6)
  An iguana (D:5)
  7 worker ants
  A bullfrog skeleton (D:8)
  A killer bee zombie (D:5)
  2 hound zombies
  A hound skeleton (D:5)
  8 adders
  A shadow imp (D:7)
  6 oozes
  2 adder skeletons
  A dart slug (D:1)
  5 leopard geckos
  16 orcs
  4 bats
  4 giant cockroaches
  7 goblins
  6 hobgoblins
  15 jackals
  15 kobolds
  2 quokkas
  A ball python (D:5)
  3 frilled lizards
  6 rats
167 creatures vanquished.

Vanquished Creatures (collateral kills)
  An orc wizard (D:8)
  2 orcs
3 creatures vanquished.

Grand Total: 170 creatures vanquished

Notes
Turn   | Place    | Note
-------+----------+-------------------------------------------
     0 | D:1      | Helio the Spriggan Enchanter began the quest for the Orb.
     0 | D:1      | Reached XP level 1. HP: 9/9 MP: 5/5
     5 | D:1      | Noticed an electric eel
     5 | D:1      | Noticed an electric eel
  1073 | D:1      | Reached XP level 2. HP: 13/13 MP: 7/7
  1077 | D:1      | Learned a level 2 spell: Ensorcelled Hibernation
  2163 | D:2      | Reached XP level 3. HP: 16/16 MP: 6/9
  2168 | D:2      | Learned a level 3 spell: Confuse
  2172 | D:2      | Learned a level 3 spell: Tukima's Dance
  2349 | D:2      | Found a hide-covered altar of Uskayaw.
  2865 | D:3      | Reached XP level 4. HP: 15/21 MP: 3/11
  2985 | D:3      | Reached skill level 5 in Hexes
  3570 | D:3      | Noticed bootzin's ghost (amateur MfMo)
  3585 | D:3      | Killed bootzin's ghost
  3585 | D:3      | Reached skill level 5 in Spellcasting
  3585 | D:3      | Reached XP level 5. HP: 24/24 MP: 11/13
  4009 | D:4      | Noticed an ogre
  4031 | D:4      | Reached skill level 5 in Stealth
  4050 | D:4      | Killed an ogre
  4050 | D:4      | Reached skill level 6 in Stealth
  4050 | D:4      | Reached XP level 6. HP: 28/28 MP: 4/15
  4316 | D:4      | Reached skill level 7 in Stealth
  4654 | D:4      | Reached skill level 8 in Stealth
  5414 | D:4      | Reached skill level 9 in Stealth
  5414 | D:4      | Reached XP level 7. HP: 32/32 MP: 13/16
  5658 | D:5      | Entered Level 5 of the Dungeon
  6165 | D:5      | Reached skill level 10 in Stealth
  6232 | D:5      | Found a stormy altar of Qazlal.
  6266 | D:5      | Found a staircase to the Ecumenical Temple.
  6309 | Temple   | Entered the Ecumenical Temple
  6515 | D:6      | Found Giutuanu's Armour Shop.
  6782 | D:6      | Reached skill level 11 in Stealth
  6996 | D:6      | Noticed Menkaure
  7013 | D:6      | Killed Menkaure
  7016 | D:6      | Reached skill level 12 in Stealth
  7016 | D:6      | Reached XP level 8. HP: 29/36 MP: 9/17
  7426 | D:6      | Found a bloodstained altar of Trog.
  7644 | D:6      | Reached skill level 1 in Fighting
  8425 | D:6      | Learned a level 3 spell: Dazzling Spray
  8521 | D:7      | Found an opulent altar of Gozag.
  8552 | D:7      | Reached skill level 13 in Stealth
  8813 | D:7      | Found a glowing silver altar of Zin.
  8878 | D:7      | Reached XP level 9. HP: 42/42 MP: 19/19
  9140 | D:7      | Reached skill level 5 in Dodging
  9647 | D:8      | Found a sacrificial altar of Ru.
  9650 | D:8      | Found a shadowy altar of Dithmenos.
  9789 | D:8      | Found a hazy altar of Hepliaklqana.
  9790 | D:8      | Found an ornate altar of the Wu Jian Council.
  9790 | D:8      | Found a deep blue altar of Sif Muna.
  9795 | D:8      | Became a worshipper of Dithmenos the Shadowed
 10746 | D:8      | Found a burning altar of Makhleb.
 10891 | D:9      | Found an ancient bone altar of Kikubaaqudgha.
 10897 | D:9      | Reached * piety under Dithmenos
 10903 | D:9      | Noticed an orange crystal statue
 10973 | D:9      | Found a staircase to the Lair.
 10978 | D:9      | Reached skill level 14 in Stealth
 10979 | D:9      | Noticed a troll
 10981 | D:9      | Killed from afar by an electric eel

Vault maps used:
D:1:      arrival_aquarium_b, minmay_hedge_maze, hangedman_decor_peaks_small
D:2:      eat_drink_and_be_merry_uskayaw, first_bread, minmay_misc_feat_five
D:3:      serial_bayou_pond_a
D:5:      kennysheep_mini_moat, temple_fountains, kennysheep_generic_room_3
D:6:      serial_shops, nicolae_shop_window_shopping, trog_hazing_becter,
          uniq_menkaure
D:7:      grunt_gozag_breadcrumbs, zin_statuary
D:8:      grunt_temple_overflow_open, hangedman_little_slice_of_home,
          makhleb_heckhound_becter
D:9:      kiku_gazebo_pond_becter, erik_lair_island, minivault_16,
          lemuel_statue_altar, uniq_erica
Temple:   nicolae_temple_no_exploring_needed

Skill      XL: |  1  2  3  4  5  6  7  8  9 |
---------------+----------------------------+-----
Spellcasting   | 3 4 5 6 7 |  7.4
Hexes          | 4 5 6 7 |  7.7
Stealth        | 6 9 12 13 14 | 14.0
Fighting       | 2 3 |  3.3
Dodging        | 4 6 |  6.8
Short Blades   | 2 4 |  4.8

Action                   |  1- 3 |  4- 6 |  7- 9 || total
-------------------------+-------+-------+-------++-------
Melee: Dagger            |    96 |   134 |   310 ||   540
 Cast: Corona            |    14 |     2 |       ||    16
       Ensorcelled Hiber |    20 |    32 |    46 ||    98
       Confuse           |       |     9 |    65 ||    74
       Tukima's Dance    |       |       |     3 ||     3
  Use: Scroll            |     7 |     6 |     7 ||    20
 Stab: Sleeping          |    15 |    21 |    51 ||    87
       Confused          |       |    11 |    29 ||    40
  Eat: Royal jelly       |       |     2 |     1 ||     3
       Fruit             |       |       |     4 ||     4
       Bread ration      |       |       |     1 ||     1
Armor: Robe              |     4 |    14 |    26 ||    44
Dodge: Dodged            |    66 |   103 |   314 ||   483
